 Dungeon Crawl Stone Soup version 0.30.1-11-g7821555f0a (webtiles) character file.

Game seed: 8778712344685030734

175465 ExpiredMilk the Earth Mage (level 17, -11/156 HPs)
             Began as a Grey Draconian Conjurer on Dec 28, 2023.
             Was the Champion of Vehumet.
             Mangled by a wolf spider simulacrum (23 damage)
             ... on level 3 of the Spider Nest on Dec 29, 2023.
             The game lasted 11:18:51 (37374 turns).

ExpiredMilk the Earth Mage (DrCj)                  Turns: 37374, Time: 11:18:55

Health: -11/156    AC: 23    Str:  8 (10) XL:     17   Next: 47%
Magic:  2/42       EV: 14    Int: 21 (23) God:    Vehumet [******]
Gold:   1267       SH: 10    Dex: 10 (11) Spells: 8/40 levels left

rFire   . . .        a - staff of earth
rCold   . . .        z - +0 buckler
rNeg    . . .        (body armour unavailable)
rPois   +            (helmet restricted)
rElec   .            D - +2 cloak
rCorr   .            T - +2 pair of gloves
SInv    .            A - +2 pair of boots {Stlth+}
Will    +....        p - amulet of reflection
Stlth   +++          R - ring of poison resistance
HPRegen 0.46/turn    M - ring of magical power
MPRegen 0.28/turn

%: reflection
@: very slightly contaminated, hasted and slowed
A: AC +14, amphibious, unfitting armour, cold-blooded, stinger 1, weak 1
a: Renounce Religion


You were on level 3 of the Spider Nest.
You worshipped Vehumet.
Vehumet was exalted by your worship.
You visited 6 branches of the dungeon, and saw 30 of its levels.
You also visited: Volcano.

You collected 3113 gold pieces.
You spent 1846 gold pieces at shops.

Inventory:

Hand Weapons
 E - a +4 quarterstaff of chaos
Missiles
 d - 34 poisoned darts
 i - 2 curare-tipped darts
 q - 2 boomerangs of dispersal
 F - 6 atropa-tipped darts
 K - 2 throwing nets
Armour
 z - a +0 buckler (worn)
 A - a +2 pair of boots of stealth (worn)
 D - a +2 cloak (worn)
 T - a +2 pair of gloves (worn)
Magical Staves
 a - a staff of earth (weapon)
Jewellery
 c - a +6 ring of dexterity
 k - a ring of willpower
 m - a ring of positive energy
 p - an amulet of reflection (around neck)
 w - an amulet of magic regeneration
 B - a ring of wizardry
 G - a ring of ice
 M - a ring of magical power (right hand)
 R - a ring of poison resistance (left hand)
 U - a +6 ring of intelligence
 Y - a ring of wizardry
Wands
 g - a wand of polymorph (5)
 t - a wand of digging (19)
 H - a wand of flame (43)
 L - a wand of quicksilver (2)
 N - a wand of iceblast (15)
 P - a wand of paralysis (15) (quivered)
 V - a wand of mindburst (8)
Scrolls
 b - 5 scrolls of teleportation
 h - a scroll of brand weapon
 l - 3 scrolls of amnesia
 n - a scroll of blinking
 s - 3 scrolls of fear
 u - 5 scrolls of enchant weapon
 y - 2 scrolls of summoning
 O - 5 scrolls of magic mapping
 W - 2 scrolls of poison
 Z - a scroll of fog
Potions
 e - 3 potions of brilliance
 f - 12 potions of curing
 j - 4 potions of ambrosia
 o - 6 potions of haste
 r - 3 potions of heal wounds
 v - a potion of invisibility
 x - 3 potions of flight
 C - 8 potions of mutation
 Q - 9 potions of might
 S - 2 potions of resistance
 X - 3 potions of berserk rage
Miscellaneous
 I - a lightning rod (4/4)
 J - a phial of floods (inert)


   Skills:
 - Level 15.2 Fighting
 - Level 6.1 Staves
 - Level 9.1 Dodging
 - Level 3.8 Stealth
 - Level 8.2 Shields
 - Level 12.0 Spellcasting
 + Level 13.0 Conjurations
 - Level 4.1 Hexes
 - Level 3.0 Translocations
 - Level 18.0 Earth Magic
 - Level 10.0 Evocations


You had 8 spell levels left.
You knew the following spells:

 Your Spells              Type           Power      Damage    Failure   Level
a - Magic Dart            Conj           100%       1d8       1%          1
b - Searing Ray           Conj           100%       2d8       1%          2
c - Fulminant Prism       Conj/Hex       24%        3d12      1%          4
d - Iskenderun's Mystic   Conj/Tloc      46%        2d10      1%          4
e - Irradiate             Conj/Tmut      19%        3d18      4%          5
f - Borgnjor's Vile Clut  Necr/Erth      33%        N/A       4%          5
h - Iron Shot             Conj/Erth      43%        9d8       1%          6
i - Iskenderun's Battles  Conj           61%        2d11      1%          5

Your spell library contained the following spells:

 Spells                   Type           Power      Damage    Failure   Level
 Conjure Ball Lightning   Conj/Air       19%        3x3d6     21%         6
 Sandblast                Erth           100%       2d20      0%          1
 Dazzling Flash           Conj/Hex       96%        N/A       1%          3
 Flame Wave               Conj/Fire      39%        2d11      1%          4
 Leda's Liquefaction      Hex/Erth       36%        N/A       1%          4
 Petrify                  Tmut/Erth      66%        N/A       1%          4
 Lesser Beckoning         Tloc           50%        N/A       3%          2
 Ensorcelled Hibernation  Hex/Ice        42%        N/A       4%          2
 Portal Projectile        Hex/Tloc       54%        N/A       4%          3
 Tukima's Dance           Hex            30%        N/A       4%          3
 Gell's Gravitas          Tloc           25%        N/A       6%          3
 Ignite Poison            Fire/Tmut/Pois 12%        N/A       6%          3
 Teleport Other           Tloc           25%        N/A       6%          3
 Beastly Appendage        Tmut           24%        N/A       8%          1
 Freezing Cloud           Conj/Ice/Air   15%        6-21      10%         5
 Cigotuvi's Dreadful Rot  Necr/Pois/Air  24%        N/A       11%         2
 Sublimation of Blood     Necr           12%        N/A       11%         2
 Wereblood                Tmut           12%        N/A       11%         2
 Passage of Golubria      Tloc           25%        N/A       21%         4
 Lehudib's Crystal Spear  Conj/Erth      43%        10d10     21%         8
 Call Canine Familiar     Summ           12%        N/A       22%         3
 Spider Form              Tmut/Pois      12%        N/A       22%         3
 Yara's Violent Unravell  Hex/Tmut       10%        3d6       22%         5
 Statue Form              Tmut/Erth      44%        N/A       28%         6
 Anguish                  Hex/Necr       10%        N/A       30%         4
 Animate Dead             Necr           12%        N/A       58%         4
 Summon Ice Beast         Ice/Summ       12%        N/A       58%         4
 Metabolic Englaciation   Hex/Ice        10%        N/A       65%         5
 Summon Mana Viper        Hex/Summ       21%        N/A       65%         5
 Summon Forest            Summ/Tloc      9%         N/A       73%         5
 Blade Hands              Tmut           6%         N/A       90%         5
 Eringya's Noxious Bog    Tmut/Pois      6%         N/A       93%         6
 Death Channel            Necr           6%         N/A       100%        6
 Summon Cactus Giant      Summ           6%         N/A       100%        6
 Monstrous Menagerie      Summ           6%         N/A       100%        7
 Ozocubu's Refrigeration  Ice            6%         4d8       100%        7
 Summon Hydra             Summ           6%         N/A       100%        7
 Borgnjor's Revivificati  Necr           6%         N/A       100%        8
 Necromutation            Tmut/Necr      6%         N/A       100%        8
 Death's Door             Necr           6%         N/A       100%        9
 Fire Storm               Conj/Fire      19%        8d5       100%        9


Dungeon Overview and Level Annotations

Branches:
Dungeon (15/15)            Temple (1/1) D:4            Lair (5/5) D:9
 Shoals (3/4) Lair:3       Spider (4/4) Lair:2        Slime (0/5) Lair:4
    Orc (2/2) D:11            Elf (0/3) Orc:2        Vaults (0/5) D:14
 Depths (0/4) D:15        Volcano (visited)

Altars:
Ashenzari
Cheibriados
Dithmenos
Elyvilon
Fedhas
Gozag
Hepliaklqana
Kikubaaqudgha
Makhleb
Nemelex Xobeh
Okawaru
Qazlal
Ru
Sif Muna
Trog
Uskayaw
Vehumet
Wu Jian
Xom
Yredelemnul
Zin
The Shining One
Jiyva

Shops:
D:10 [   Orc:2 ![*(   Shoals:2 ?

Portals:
Trove: D:11 (give 14 potions of heal wounds)


Innate Abilities, Weirdness & Mutations

Your dull iron-grey scales are very hard. (AC +14)
You are amphibious.
You cannot fit into any form of body armour.
You are cold-blooded and may be slowed by cold attacks.
Your tail ends in a venomous barb.
You are weak. (Str -2)


Message History

Casting: Iskenderun's Mystic Blast (mildly dangerous; 1% risk of failure)
Confirm with . or Enter, or press ? or * to list all spells.
You erupt in a fountain of uncontrolled magic!
The wolf spider is blasted with magical radiation!!
You kill the wolf spider!
Vehumet accepts your kill.
You are very lightly contaminated with residual magic.
A freezing mist starts to gather...
A wolf spider simulacrum comes into view.
Your Conjurations skill increases to level 13!
A wolf spider simulacrum is nearby!
Press: ? - help, v - describe, . - travel
Here: a wolf spider simulacrum The floor.
There is a stone staircase leading up here.
The wolf spider simulacrum hits you.
The wolf spider simulacrum freezes you!!
You feel yourself slow down.
The wolf spider simulacrum bites you but does no damage.
The wolf spider simulacrum hits you. The wolf spider simulacrum freezes you!
You feel as though you will be slow longer.
The wolf spider simulacrum bites you but does no damage.
There is a stone staircase leading up, spattered with blood here.
Casting: Irradiate (mildly dangerous; 4% risk of failure)
Confirm with . or Enter, or press ? or * to list all spells.
Okay, then.
Okay, then.
You feel yourself speed up. The wolf spider simulacrum misses you.
The wolf spider simulacrum bites you.
The wolf spider simulacrum freezes you!!
* * * LOW HITPOINT WARNING * * *
The wolf spider simulacrum hits you.
* * * LOW HITPOINT WARNING * * *
The wolf spider simulacrum freezes you!!
You feel as though you will be slow longer.
* * * LOW HITPOINT WARNING * * *
The wolf spider simulacrum bites you.
* * * LOW HITPOINT WARNING * * *
The wolf spider simulacrum freezes you!!
You die...

#...........########
#...................
#..........#####....
#..........# ##.....
#....[....####......
#........####.......
#>.......# #........
#.....^.####........
#..@Z..## #.........
#.....## #.........
####### ###.......
########


You could see a wolf spider simulacrum.

Vanquished Creatures
  Saint Roka (Orc:2)
  Arachne (Spider:3)
  Jorgrun (D:12)
  A kraken (Shoals:1)
  Polyphemus (Shoals:2)
  Kirke (D:13)
  Roxanne (D:14)
  The ghost of Bexkuymu the Severer, a journeyman MiBe of Trog (Spider:2)
  2 emperor scorpions
  A ghost moth (Spider:1)
  Nessos (Orc:2)
  A spark wasp (Spider:2)
  7 merfolk impalers
  An ettin (D:15)
  A merfolk javelineer (Shoals:3)
  A fire dragon (D:14)
  4 entropy weavers
  10 hydras
  3 vault guards (D:14)
  An ogre mage (D:15)
  A catoblepas (Lair:4)
  A jorogumo (Spider:3)
  2 radroaches
  4 boulder beetles
  5 centaur warriors
  2 merfolk avatars (Shoals:2)
  A satyr (Shoals:3)
  10 two-headed ogres
  A tengu warrior (D:15)
  7 death yaks
  Urug (D:10)
  3 orc high priests (Orc:2)
  Amaemon (D:8)
  4 sun moths
  6 pharaoh ants
  2 skysharks
  4 sea snakes
  7 orb spiders
  5 steelbarb worms
  A deep troll (D:15)
  7 harpies (Shoals:1)
  2 deep elf pyromancers
  4 wizards
  3 salamanders (Volcano)
  9 fauns
  4 orc knights (Orc:2)
  5 orc sorcerers
  5 cyclopes
  5 manticores
  12 wolf spiders
  6 ugly things
  7 black mambas
  4 merfolk sirens
  10 elephants
  An orange demon (D:8)
  Maurice (Orc:2)
  6 water nymphs
  An ice statue (D:9)
  3 demonic crawlers (Spider:1)
  A torpor snail (Spider:3)
  3 rime drakes
  9 cane toads
  An unseen horror (D:11)
  Psyche (D:10)
  An efreet (D:15)
  5 komodo dragons
  A tengu conjurer (D:15)
  9 trolls
  5 meliai
  21 merfolk
  3 wind drakes
  5 polar bears
  A queen bee (Spider:4)
  Grinder (D:4)
  17 tarantellas
  5 dream sheep (Lair:4)
  25 blink frogs
  27 jumping spiders
  20 culicivoras
  19 slime creatures
  2 shadows
  5 water elementals
  52 yaks
  2 wraiths
  19 humans (D:14)
  13 wyverns
  4 hogs (D:13)
  2 fire bats (Volcano)
  2 steam dragons (D:9)
  6 basilisks
  19 redbacks
  8 vampire mosquitoes
  5 wargs
  An acid dragon (D:12)
  20 water moccasins
  An acid dragon (shapeshifter) (D:11)
  2 hell hounds (Volcano)
  25 orc warriors
  A sky beast (D:8)
  7 black bears (Lair:2)
  12 ogres
  An ice beast (D:5)
  24 wolves
  9 centaurs
  4 boggarts (D:15)
  A phantom (D:5)
  19 bullfrogs
  Blork the orc (D:4)
  4 gnoll sergeants
  7 kobold brigands
  2 scorpions
  5 wights
  28 killer bees
  2 howler monkeys (D:8)
  Crazy Yiuf (D:4)
  8 orc priests
  4 hounds
  A jelly (D:4)
  3 iguanas
  A sleepcap (D:6)
  11 hell rats (Lair:5)
  18 orc wizards
  17 gnolls
  6 adders
  4 white imps
  An ufetubus (D:5)
  A worm (D:2)
  4 dart slugs
  67 orcs
  6 bats
  10 endoplasms
  5 giant cockroaches
  9 hobgoblins
  2 jackals (D:4)
  9 quokkas
  11 ball pythons
  5 frilled lizards
  5 goblins
  20 kobolds
  4 rats
  15 fulminant prisms
  A tentacle (Shoals:1)
948 creatures vanquished.

Vanquished Creatures (collateral kills)
  A catoblepas (Shoals:2)
  2 death yaks (Shoals:2)
  2 fauns (Shoals:2)
  A wind drake (Shoals:2)
  2 snapping turtles (Shoals:2)
8 creatures vanquished.

Vanquished Creatures (others)
  A moth of wrath (Spider:4)
  A human (D:13)
  A centaur (Volcano)
  An orc (Orc:2)
  303 fulminant prisms
  15 tentacles
322 creatures vanquished.

Grand Total: 1278 creatures vanquished

Notes
Turn   | Place    | Note
-------+----------+-------------------------------------------
     0 | D:1      | ExpiredMilk the Draconian Conjurer began the quest for the
                  | Orb.
     0 | D:1      | Reached XP level 1. HP: 14/14 MP: 3/3
   242 | D:1      | Reached XP level 2. HP: 20/20 MP: 3/5
   266 | D:1      | Learned a level 2 spell: Searing Ray
   694 | D:1      | Reached XP level 3. HP: 26/26 MP: 4/6
  1278 | D:2      | Found a shadowy altar of Dithmenos.
  1458 | D:2      | Reached skill level 5 in Conjurations
  2030 | D:2      | Reached XP level 4. HP: 33/33 MP: 3/7
  2656 | D:3      | Noticed a bullfrog
  2860 | D:3      | Killed a bullfrog
  2861 | D:3      | Reached XP level 5. HP: 38/38 MP: 0/8
  3177 | D:3      | Learned a level 4 spell: Fulminant Prism
  4141 | D:4      | Reached XP level 6. HP: 45/45 MP: 4/9
  4721 | D:4      | Noticed Blork the orc
  4727 | D:4      | Killed Blork the orc
  4744 | D:4      | Noticed Grinder
  4883 | D:5      | Entered Level 5 of the Dungeon
  4896 | D:5      | Noticed an ice beast
  4951 | D:5      | Killed an ice beast
  4970 | D:5      | Your scales start taking on a dull iron-grey colour.
  4970 | D:5      | Reached XP level 7. HP: 40/50 MP: 4/10
  5941 | D:6      | Found a hide-covered altar of Uskayaw.
  6013 | D:6      | Reached skill level 10 in Conjurations
  6013 | D:6      | Reached XP level 8. HP: 57/57 MP: 7/11
  6025 | D:6      | Learned a level 4 spell: Iskenderun's Mystic Blast
  6123 | D:6      | Reached skill level 1 in Fighting
  6844 | D:4      | Found a staircase to the Ecumenical Temple.
  6853 | Temple   | Entered the Ecumenical Temple
  7176 | Temple   | Became a worshipper of Vehumet
  7563 | D:4      | Killed Grinder
  7564 | D:4      | Reached skill level 5 in Fighting
  7989 | D:4      | Found a runed translucent door.
  7992 | D:4      | Noticed Crazy Yiuf
  7999 | D:4      | Killed Crazy Yiuf
  8193 | D:7      | Found an ancient bone altar of Kikubaaqudgha.
  8352 | D:7      | Reached XP level 9. HP: 73/79 MP: 6/14
  9042 | D:8      | Reached * piety under Vehumet
  9042 | D:8      | Offered knowledge of Sandblast by Vehumet.
  9113 | D:8      | Noticed a two-headed ogre
  9208 | D:8      | Noticed a two-headed ogre
  9227 | D:8      | Killed a two-headed ogre
  9248 | D:8      | Killed a two-headed ogre
  9249 | D:8      | Reached skill level 5 in Spellcasting
  9249 | D:8      | Reached XP level 10. HP: 72/86 MP: 6/18
  9279 | D:8      | Noticed Amaemon
  9289 | D:8      | Noticed an orange demon
  9296 | D:8      | Killed Amaemon
  9508 | D:8      | Killed an orange demon
  9774 | D:9      | Noticed an ice statue
  9792 | D:9      | Found a staircase to the Lair.
  9839 | D:9      | Found a white marble altar of Elyvilon.
  9873 | D:9      | Reached skill level 1 in Evocations
 10077 | D:9      | Reached skill level 5 in Evocations
 10109 | D:9      | Reached ** piety under Vehumet
 10291 | D:9      | Offered knowledge of Momentum Strike by Vehumet.
 10325 | D:9      | Noticed a green ugly thing
 10345 | D:9      | Killed a green ugly thing
 10646 | D:9      | Reached skill level 1 in Translocations
 10681 | D:9      | Noticed a two-headed ogre
 10707 | D:9      | Killed a two-headed ogre
 10708 | D:9      | Reached XP level 11. HP: 97/97 MP: 6/21
 10843 | D:9      | Noticed a boulder beetle
 11116 | D:9      | Noticed a two-headed ogre
 11156 | D:10     | Entered Level 10 of the Dungeon
 11374 | D:10     | Found a shimmering blue altar of Sif Muna.
 11428 | D:10     | Offered knowledge of Hailstorm by Vehumet.
 11495 | D:10     | Noticed a two-headed ogre
 11519 | D:10     | Killed a two-headed ogre
 11609 | D:10     | Noticed Psyche
 11620 | D:10     | Killed Psyche
 11621 | D:10     | Reached skill level 10 in Fighting
 11723 | D:10     | Noticed Urug
 11749 | D:10     | Killed Urug
 11970 | D:10     | Noticed a two-headed ogre
 11983 | D:10     | Killed a two-headed ogre
 12061 | D:10     | Found Zoqul's Armour Shop.
 12070 | D:10     | Bought a +0 pair of gloves for 67 gold pieces
 12258 | D:9      | Killed a two-headed ogre
 12363 | D:9      | Reached *** piety under Vehumet
 12769 | Lair:1   | Entered Level 1 of the Lair of Beasts
 12883 | Lair:1   | Identified the +4 war axe of Domination {heavy, Fragile
                  | Str+3 Int+4}
 12932 | Lair:1   | Reached XP level 12. HP: 97/106 MP: 16/25
 13010 | Lair:1   | Reached skill level 1 in Staves
 13010 | Lair:1   | Offered knowledge of Airstrike by Vehumet.
 13352 | Lair:1   | Learned a level 5 spell: Irradiate
 13357 | Lair:1   | Learned a level 4 spell: Petrify
 13378 | Lair:1   | Found a dark tunnel.
 13387 | Volcano  | Entered a volcano
 13446 | Volcano  | Noticed a two-headed ogre
 13453 | Volcano  | Reached skill level 1 in Earth Magic
 13465 | Volcano  | Reached skill level 2 in Earth Magic
 13475 | Volcano  | Killed a two-headed ogre
 13476 | Volcano  | Reached skill level 3 in Earth Magic
 13482 | Volcano  | Reached skill level 4 in Earth Magic
 13503 | Volcano  | Reached skill level 5 in Earth Magic
 14017 | Volcano  | Gained mutation: You are weak. (Str -2) [potion of
                  | mutation]
 14017 | Volcano  | Gained mutation: Your tail ends in a venomous barb. [potion
                  | of mutation]
 14283 | Lair:2   | Reached skill level 6 in Earth Magic
 14300 | Lair:2   | Reached skill level 7 in Earth Magic
 14300 | Lair:2   | Reached **** piety under Vehumet
 14438 | Lair:2   | Noticed a death yak
 14440 | Lair:2   | Noticed a death yak
 14445 | Lair:2   | Noticed a death yak
 14446 | Lair:2   | Noticed a death yak
 14453 | Lair:2   | Killed a death yak
 14454 | Lair:2   | Reached skill level 8 in Earth Magic
 14454 | Lair:2   | Noticed a death yak
 14456 | Lair:2   | Noticed a death yak
 14460 | Lair:2   | Killed a death yak
 14460 | Lair:2   | Killed a death yak
 14461 | Lair:2   | Reached skill level 9 in Earth Magic
 14465 | Lair:2   | Killed a death yak
 14465 | Lair:2   | Offered knowledge of Sticky Flame by Vehumet.
 14475 | Lair:2   | Killed a death yak
 14476 | Lair:2   | Reached skill level 10 in Earth Magic
 14476 | Lair:2   | Killed a death yak
 14705 | Lair:2   | Reached skill level 5 in Staves
 14760 | Lair:2   | Noticed a four-headed hydra
 14787 | Lair:2   | Killed a four-headed hydra
 14871 | Lair:2   | Reached XP level 13. HP: 66/113 MP: 26/26
 15449 | Lair:2   | Found a hole to the Spider Nest.
 15454 | Lair:2   | Identified the +6 quarterstaff of the Depths {venom, rC+
                  | Dex+4}
 15796 | Lair:3   | Found a staircase to the Shoals.
 16442 | Lair:3   | Reached ***** piety under Vehumet
 16442 | Lair:3   | Offered knowledge of Eringya's Noxious Bog by Vehumet.
 17150 | Lair:3   | Identified the +2 scale mail of Defence {rC- Will+ Dex+3}
 18309 | Lair:4   | Reached skill level 10 in Spellcasting
 18489 | Lair:4   | Found a viscous altar of Jiyva.
 18489 | Lair:4   | Found a staircase to the Slime Pits.
 18727 | Lair:4   | Reached XP level 14. HP: 127/132 MP: 6/28
 18947 | Lair:5   | Entered Level 5 of the Lair of Beasts
 19385 | Lair:5   | Offered knowledge of Plasma Beam by Vehumet.
 19956 | Lair:5   | Learned a level 4 spell: Leda's Liquefaction
 20668 | D:11     | Found a portal to a secret trove of treasure.
 20781 | D:11     | Found a staircase to the Orcish Mines.
 21022 | D:12     | Identified the +5 dagger "Noarowke" {drain, rN++}
 21729 | D:12     | Noticed Jorgrun
 21901 | D:12     | Killed Jorgrun
 22553 | D:13     | Noticed Kirke
 22570 | D:13     | Killed Kirke
 22976 | D:13     | Offered knowledge of Iron Shot by Vehumet.
 23216 | D:13     | Learned a level 6 spell: Iron Shot
 23338 | D:13     | Reached skill level 10 in Evocations
 23812 | D:14     | Reached XP level 15. HP: 96/138 MP: 25/29
 23983 | D:14     | Reached skill level 11 in Earth Magic
 24081 | D:14     | Identified Roxanne's Excursus on the Geologist
 24081 | D:14     | Noticed Roxanne
 24175 | D:14     | Killed Roxanne
 24307 | D:14     | Reached skill level 12 in Earth Magic
 24549 | D:14     | Found a gate to the Vaults.
 24851 | D:13     | D13 enchant armor scrolls & orb
 24912 | D:15     | Entered Level 15 of the Dungeon
 24962 | D:15     | Reached skill level 13 in Earth Magic
 25202 | D:15     | Found Juit's Distillery.
 25210 | D:15     | Bought a potion of degeneration for 11 gold pieces
 25211 | D:15     | Bought a potion of curing for 33 gold pieces
 25211 | D:15     | Bought a potion of haste for 110 gold pieces
 25211 | D:15     | Bought a potion of might for 44 gold pieces
 25211 | D:15     | Bought a potion of haste for 110 gold pieces
 25211 | D:15     | Bought a potion of might for 44 gold pieces
 25256 | D:15     | Offered knowledge of Iskenderun's Battlesphere by Vehumet.
 25295 | D:15     | Learned a level 5 spell: Iskenderun's Battlesphere
 25461 | D:15     | Reached skill level 1 in Shields
 25919 | D:15     | Found a staircase to the Depths.
 26043 | Orc:1    | Entered Level 1 of the Orcish Mines
 26252 | Orc:1    | Reached skill level 5 in Shields
 26450 | Orc:2    | Entered Level 2 of the Orcish Mines
 26460 | Orc:2    | Noticed Maurice
 26463 | Orc:2    | Killed Maurice
 26482 | Orc:2    | Noticed Saint Roka
 26765 | Orc:2    | Killed Saint Roka
 26862 | Orc:2    | Found a staircase to the Elven Halls.
 27036 | Orc:2    | Offered knowledge of Starburst by Vehumet.
 27114 | Orc:2    | Reached ****** piety under Vehumet
 27126 | Orc:2    | Found Metwaile's Distillery.
 27126 | Orc:2    | Found Xoezuty's Weapon Shop.
 27128 | Orc:2    | Found Oxastrol's General Store.
 27128 | Orc:2    | Found Xelog's Armour Emporium.
 27138 | Orc:2    | Bought a +1 pair of boots of stealth for 181 gold pieces
 27145 | Orc:2    | Bought a potion of haste for 140 gold pieces
 27145 | Orc:2    | Bought a potion of heal wounds for 70 gold pieces
 27145 | Orc:2    | Bought 2 potions of resistance for 280 gold pieces
 27145 | Orc:2    | Bought a potion of heal wounds for 70 gold pieces
 27145 | Orc:2    | Bought a potion of mutation for 112 gold pieces
 27145 | Orc:2    | Bought 2 potions of might for 112 gold pieces
 27145 | Orc:2    | Bought a potion of berserk rage for 70 gold pieces
 27163 | Orc:2    | Bought a wand of flame (9) for 81 gold pieces
 27163 | Orc:2    | Bought a scroll of teleportation for 39 gold pieces
 27340 | Orc:2    | Noticed Nessos
 27349 | Orc:2    | Killed Nessos
 27921 | Spider:1 | Entered Level 1 of the Spider Nest
 28172 | Spider:1 | Noticed an emperor scorpion
 28290 | Spider:1 | Killed an emperor scorpion
 28576 | Spider:1 | Reached XP level 16. HP: 134/146 MP: 4/30
 28649 | Spider:1 | Reached skill level 14 in Earth Magic
 29465 | Spider:2 | Reached skill level 15 in Earth Magic
 29749 | Spider:2 | Offered knowledge of Spellforged Servitor by Vehumet.
 29865 | Spider:2 | Reached skill level 16 in Earth Magic
 30099 | Spider:2 | Found a runed translucent gate.
 30099 | Spider:2 | Found a runed translucent gate.
 30099 | Spider:2 | Found a runed translucent gate.
 30099 | Spider:2 | Noticed Bexkuymu's ghost (journeyman MiBe)
 30198 | Spider:2 | Killed Bexkuymu's ghost
 30260 | Spider:2 | Identified the +0 hand axe "Nigao" {spect, rCorr}
 30519 | Spider:3 | Reached skill level 17 in Earth Magic
 30990 | Spider:3 | Noticed Arachne
 30997 | Spider:3 | Killed Arachne
 31329 | Spider:3 | Reached skill level 18 in Earth Magic
 31386 | Spider:3 | Offered knowledge of Conjure Ball Lightning by Vehumet.
 31907 | Shoals:1 | Entered Level 1 of the Shoals
 32351 | Shoals:1 | Noticed a kraken
 32377 | Shoals:1 | Killed a kraken
 32442 | Shoals:1 | Learned a level 8 spell: Lehudib's Crystal Spear
 32914 | Shoals:2 | Found Jeimis's Magic Scroll Emporium.
 32991 | Shoals:2 | Bought a scroll of teleportation for 39 gold pieces
 32991 | Shoals:2 | Bought a scroll of blinking for 97 gold pieces
 32991 | Shoals:2 | Bought a scroll of teleportation for 39 gold pieces
 32991 | Shoals:2 | Bought a scroll of magic mapping for 97 gold pieces
 33338 | Shoals:2 | Reached XP level 17. HP: 152/152 MP: 26/33
 33367 | Shoals:2 | Noticed Polyphemus
 33373 | Shoals:2 | Killed Polyphemus
 33733 | Shoals:2 | Reached skill level 15 in Fighting
 34159 | Shoals:3 | Got the Lectures on Shivering Embers
 36579 | Shoals:3 | Learned a level 5 spell: Borgnjor's Vile Clutch
 36737 | Spider:4 | Entered Level 4 of the Spider Nest
 37374 | Spider:3 | Mangled by a wolf spider simulacrum

Illustrated notes

.......## ###......##
#.......###...#.....##
###...#.....###......##
######...###........##
#....##......#.)##
##.....#.......#..#####
#..............##.....#
#..............###....#
##....##..?@....#
###..#
#.....###.......# ##[##
##.....# ##......# #..#
#......# #......# #.##
##.#....## ##.....##
##.# #.###....#
##..<..## #..# ##.#
#....# ####<..###..#
#.## ##...# ##...#..##
##.# #...# ###....#


Turn 24851 on D:13: D13 enchant armor scrolls & orb

Levels and vault maps discovered:
D:1:      zelgadis_glass_arrival_small, layout_basic,
          amcnicky_mini_rare_corridor_liquid, st_stairs_8
D:2:      layout_loops_corners, basic_altar, hangedman_decor_opposing,
          minmay_vboxes
D:3:      layout_loops_ring, chequers_serial_rivers_micro_c,
          minmay_close_crescents
D:4:      layout_layer_cave, minmay_temple_entry_arrows, uniq_blork_the_orc,
          uniq_grinder, uniq_crazy_yiuf_cottage
D:5:      layout_loops_ring, amethyst_killhole, feat_on_display
D:6:      layout_basic, lemuel_doored_altar, minmay_misc_feat_plants,
          nicolae_sextant, minivault_22
D:7:      layout_rooms, amcnicky_altar_gilded
D:8:      layout_rooms, uniq_amaemon
D:9:      minmay_opposing_rooms, layout_rooms, mainiacjoe_overflow_24_doors,
          minmay_lair_entry_grove, minivault_16, kennysheep_nub
D:10:     layout_loops_ring, pf_just_have_faith, serial_shops, shop,
          nrook_mini_backslash, kennysheep_generic_room_6, uniq_urug,
          uniq_psyche
D:11:     layout_rooms, kennysheep_orc_monster_closet_entryway, enter_trove_2
D:12:     layout_roguey, uniq_jorgrun
D:13:     layout_cave_pods, uniq_kirke
D:14:     layout_long_grid, grunt_vaults_entry_tiered, serial_glass,
          glass_columns_b, glass_columns_b, item_on_display_a, feat_on_display,
          minmay_misc_feat_hallway, uniq_roxanne
D:15:     hangedman_depths_entry_civil_slaughter, layout_long_grid,
          serial_shops, nicolae_shop_tiny_waterfront
Temple:   eino_narrow_crystal_temple
Lair:1:   layout_big_grid, nicolae_volcano_entry_lava_flow,
          nicolae_quartered_pool_little, infiniplex_staircase_pool_2
Lair:2:   beast_lair_carwin_large_3, layout_cave_pods, spider_nest_entry_a,
          st_stairs_9, dreamdust_mushroom_princess
Lair:3:   layout_layer_cave, minmay_shoals_entry_beasts, grunt_megastairs_5
Lair:4:   cheibrodos_lair_river_kwai, layout_long_grid,
          dpeg_slime_entry_enclosed
Lair:5:   wormcave, layout_hall_layers, special_room [special_room_mythical_zoo]
Shoals:1: layout_shoals
Shoals:2: layout_shoals, serial_shops, shop, uniq_polyphemus
Shoals:3: layout_shoals
Spider:1: layout_spider_delve
Spider:2: layout_spider_delve, ebering_ghost_rock_garden
Spider:3: layout_cave_pods, uniq_arachne
Spider:4: hellmonk_spider_rune_bug_friends, special_room [special_room_bee]
Orc:1:    layout_caves
Orc:2:    grunt_orc_tribal_feast, layout_caves, basic_altar, uniq_maurice,
          uniq_saint_roka, uniq_nessos

Skill      XL: |  1  2  3  4  5  6  7  8  9 10 11 12 13 14 15 16 17 |
---------------+----------------------------------------------------+-----
Stealth        | 2 3 |  3.8
Conjurations   | 5 6 7 8 10 11 13 | 13.0
Fighting       | 7 9 10 14 15 | 15.2
Spellcasting   | 3 5 7 9 10 12 | 12.0
Dodging        | 6 9 |  9.1
Evocations     | 5 10 | 10.0
Translocations | 2 3 |  3.0
Hexes          | 4 |  4.1
Staves         | 6 |  6.1
Earth Magic    | 10 13 18 | 18.0
Shields        | 8 |  8.2

Action                     |  1- 3 |  4- 6 |  7- 9 | 10-12 | 13-15 | 16-18 || total
---------------------------+-------+-------+-------+-------+-------+-------++-------
  Melee: Dagger            |       |    10 |       |       |       |       ||    10
         Tailslap          |       |     1 |       |     5 |    17 |    12 ||    35
         Quarterstaff      |       |       |     7 |    36 |    66 |       ||   109
         Staff             |       |       |       |       |    46 |    61 ||   107
  Throw: Dart              |     2 |     6 |     1 |       |    10 |     1 ||    20
         Boomerang         |       |     9 |     1 |     1 |     1 |       ||    12
   Cast: Magic Dart        |    52 |    51 |    90 |    71 |   273 |   228 ||   765
         Searing Ray       |    12 |    23 |    45 |    92 |   146 |     8 ||   326
         Fulminant Prism   |       |     4 |    22 |   105 |   166 |    23 ||   320
         Iskenderun's Myst |       |       |     3 |    56 |   100 |    87 ||   246
         Irradiate         |       |       |       |    14 |    94 |    33 ||   141
         Petrify           |       |       |       |     3 |    20 |     2 ||    25
         Iron Shot         |       |       |       |       |    92 |   144 ||   236
         Leda's Liquefacti |       |       |       |       |     4 |     1 ||     5
         Iskenderun's Batt |       |       |       |       |    32 |    61 ||    93
         Lehudib's Crystal |       |       |       |       |       |     8 ||     8
         Borgnjor's Vile C |       |       |       |       |       |     4 ||     4
  Evoke: Wand              |       |       |       |    17 |     2 |     4 ||    23
         Phial of floods   |       |       |       |       |       |     1 ||     1
    Use: Potion            |     1 |       |       |     8 |    12 |     9 ||    30
         Scroll            |       |     1 |     9 |    10 |    14 |    12 ||    46
   Stab: Confused          |       |       |       |       |     1 |       ||     1
         Petrified         |       |       |       |       |     2 |       ||     2
 Armour: Skin              |     1 |     9 |    13 |   113 |   205 |   227 ||   568
  Dodge: Dodged            |     5 |    21 |    24 |   190 |   252 |   188 ||   680
  Block: Buckler           |       |       |       |       |    21 |   103 ||   124
         Reflection        |       |       |       |       |       |     4 ||     4
